 Dungeon Crawl Stone Soup version 0.31.0-4-g52a2dc7128 (webtiles) character file.

Game seed: 4218442331172726082

2708 FinalFate the Basher (level 9, -3/112 (118) HPs)
             Began as a Minotaur Berserker on Jan 22, 2024.
             Was an Elder of Trog.
             Slain by a wight
             ... wielding a +2 whip of electrocution
              (15 damage)
             ... on level 7 of the Dungeon.
             The game lasted 00:10:30 (4716 turns).

FinalFate the Basher (Minotaur Berserker)           Turns: 4716, Time: 00:10:31

HP:   -3/112 (118)  AC: 24    Str: 27    XL:     9   Next: 39%
MP:   8/8           EV:  2    Int:  4    God:    Trog [****..]
Gold: 221           SH:  0    Dex:  9    Spells: 8/8 levels left

rFire   . . .        q - +2 flail (drain)
rCold   . . .        (no shield)
rNeg    . . .        p - melded +0 plate armour
rPois   +            (helmet currently unavailable)
rElec   .            t - melded +0 cloak {rPois}
rCorr   .            c - melded +0 pair of gloves
SInv    .            (boots currently unavailable)
Will    .....        (no amulet)
Stlth   +            (no ring)
HPRegen 0.38/turn    (no ring)
MPRegen 0.11/turn

%: no passive effects
@: tree-form, on berserk cooldown, slowed, drained, very slow
A: stationary, stasis, torment immunity, boosted hp, (horns 2), (retaliatory
headbutt)
a: Renounce Religion, Berserk, Trog's Hand, Brothers in Arms


You were on level 7 of the Dungeon.
You worshipped Trog.
Trog was greatly pleased with you.
You were a tree.
You visited 1 branch of the dungeon, and saw 7 of its levels.

You collected 316 gold pieces.
You spent 95 gold pieces at shops.

Inventory:

Hand Weapons
 j - a +0 flail
 q - a +2 flail of draining (weapon)
 u - a +0 hammer
Missiles
 v - a throwing net (quivered)
Armour
 c - a +0 pair of gloves (melded)
 p - a +0 plate armour (melded)
 t - a +0 cloak of poison resistance (melded)
Wands
 B - a wand of flame (20)
Scrolls
 b - a scroll of brand weapon
 d - 2 scrolls of enchant weapon {unknown}
 e - 7 scrolls of teleportation {unknown}
 f - 6 scrolls of identify {unknown}
 g - a scroll of vulnerability {unknown}
 l - 2 scrolls of acquirement {unknown}
 m - a scroll of blinking {unknown}
 n - a scroll of summoning {unknown}
 r - a scroll of amnesia {unknown}
 s - 2 scrolls of poison {unknown}
 w - a scroll of immolation {unknown}
 x - 3 scrolls of fear {unknown}
 y - a scroll of fog {unknown}
Potions
 a - 3 potions of lignification
 h - a potion of might {unknown}
 i - 3 potions of heal wounds {unknown}
 k - 2 potions of mutation {unknown}
 o - a potion of enlightenment {unknown}
 z - a potion of curing {unknown}
 A - 2 potions of resistance {unknown}


   Skills:
 * Level 7.3 Fighting
 * Level 11.4 Maces & Flails
 * Level 7.6 Armour
 * Level 5.0 Dodging


You had 8 spell levels left.
You didn't know any spells.
Your spell library was empty.

Dungeon Overview and Level Annotations

Branches:
Dungeon (7/15)             Temple (0/1) D:6

Altars:

Shops:
D:3 ?


Innate Abilities, Weirdness & Mutations

You are a tree.
Your roots penetrate the ground, keeping you stationary.
You cannot be teleported.
You are immune to unholy pain and torment.
Your maximum health is greatly increased.
Your equipment is partially melded.
((You have a pair of horns on your head.))
((You reflexively headbutt those who attack you in melee.))


Message History

You sock the two-headed ogre!
The two-headed ogre is almost dead.
You sock the two-headed ogre!
You kill the two-headed ogre!
Trog accepts your kill.
Your Maces & Flails skill increases to level 11!
Your Dodging skill increases to level 5!
You hit the wight.
The wight is heavily damaged.
You are no longer berserk.
You are exhausted.
You feel yourself slow down.
You hit the wight but do no damage.
The wight is heavily damaged.
The wight hits you but does no damage.
You are electrocuted!
The wight misses you.
The wight hits you with a +2 whip of electrocution.
You feel drained. The wight hits you but does no damage.
You hit the wight. Your headbutt misses the wight.
The wight is heavily damaged.
The wight hits you but does no damage.
The wight hits you from afar with a +0 halberd.
You hit the wight but do no damage. Your headbutt misses the wight.
The wight is heavily damaged.
The wight hits you with a +2 whip of electrocution.
You are electrocuted!!
* * * LOW HITPOINT WARNING * * *
The wight closely misses you.
It was a potion of lignification.
You turn into a tree.
Your +0 cloak of poison resistance melds into your body.
Your +0 pair of gloves melds into your body.
Your +0 plate armour melds into your body.
You no longer feel resistant to poison.
Your roots penetrate the ground.
The wight hits you with a +2 whip of electrocution.
* * * LOW HITPOINT WARNING * * *
You feel drained.
* * * LOW HITPOINT WARNING * * *
The wight completely misses you. The wight hits you but does no damage.
You are electrocuted!
You die...

# #.###.#(#.#
##.###...#.#.#.#
.z.....#.#.#.#.#
.......#.#.#.#.#
.O...D.#.....#.#
..z..z§..#..<#.#
......##z#.....#
..... #z###.###
.... #♣###.# ###
#.....# #######


You could see 2 wights.

Vanquished Creatures
  A two-headed ogre (D:7)
  Grinder (D:3)
  Sigmund (D:6)
  A steam dragon (D:7)
  A sky beast (D:6)
  2 black bears
  An ogre (D:4)
  Blork the orc (D:4)
  2 bullfrogs
  3 scorpions
  2 wights (D:7)
  A howler monkey (D:4)
  2 jellies (D:5)
  3 hounds
  Crazy Yiuf (D:3)
  2 orc priests
  Terence (D:2)
  4 iguanas
  4 orc wizards
  Natasha (thrice) (D:3)
  5 gnolls
  11 adders
  2 ufetubi (D:5)
  4 ribbon worms
  2 dart slugs
  15 orcs
  6 ball pythons
  6 endoplasms
  2 giant cockroaches (D:2)
  3 goblins
  6 hobgoblins
  6 jackals
  6 kobolds
  6 quokkas
  2 bats
  4 frilled lizards
  7 rats
130 creatures vanquished.

Notes
Turn   | Place    | Note
-------+----------+-------------------------------------------
     0 | D:1      | FinalFate the Minotaur Berserker began the quest for the
                  | Orb.
     0 | D:1      | Reached XP level 1. HP: 19/19 MP: 0/0
   119 | D:1      | Reached XP level 2. HP: 14/27 MP: 1/1
   246 | D:1      | Reached skill level 4 in Maces & Flails
   337 | D:1      | Found a faded altar of an unknown god.
   790 | D:2      | Reached XP level 3. HP: 33/33 MP: 2/2
   877 | D:2      | Noticed Terence
   885 | D:2      | Killed Terence
   885 | D:2      | Reached ** piety under Trog
   886 | D:2      | Reached XP level 4. HP: 27/41 MP: 3/3
  1501 | D:3      | Found Zidih's Magic Scroll Shoppe.
  1522 | D:3      | Bought a scroll of brand weapon for 95 gold pieces
  1558 | D:3      | Noticed Natasha
  1567 | D:3      | Killed Natasha
  1568 | D:3      | Reached skill level 5 in Maces & Flails
  1611 | D:3      | Reached XP level 5. HP: 47/47 MP: 4/4
  1671 | D:3      | Noticed Natasha
  1677 | D:3      | Killed Natasha
  1728 | D:3      | Noticed Grinder
  1738 | D:3      | Killed Grinder
  1739 | D:3      | Reached skill level 5 in Fighting
  1739 | D:3      | Reached skill level 6 in Maces & Flails
  1739 | D:3      | Reached XP level 6. HP: 41/56 MP: 5/5
  1941 | D:3      | Noticed Natasha
  1946 | D:3      | Killed Natasha
  2126 | D:3      | Found a runed translucent door.
  2127 | D:3      | Noticed Crazy Yiuf
  2209 | D:3      | Killed Crazy Yiuf
  2309 | D:4      | Reached skill level 7 in Maces & Flails
  2474 | D:4      | Reached XP level 7. HP: 61/61 MP: 6/6
  2572 | D:4      | Noticed Blork the orc
  2582 | D:4      | Killed Blork the orc
  2583 | D:4      | Reached skill level 5 in Armour
  2680 | D:4      | Reached *** piety under Trog
  2839 | D:4      | Reached skill level 8 in Maces & Flails
  3286 | D:5      | Entered Level 5 of the Dungeon
  3572 | D:5      | Reached XP level 8. HP: 70/70 MP: 7/7
  3950 | D:5      | Reached skill level 9 in Maces & Flails
  4244 | D:6      | Noticed Sigmund
  4253 | D:6      | Killed Sigmund
  4285 | D:6      | Reached skill level 10 in Maces & Flails
  4376 | D:6      | Found a staircase to the Ecumenical Temple.
  4680 | D:7      | Noticed a two-headed ogre
  4693 | D:7      | Reached **** piety under Trog
  4697 | D:7      | Reached XP level 9. HP: 72/78 MP: 8/8
  4711 | D:7      | Killed a two-headed ogre
  4712 | D:7      | Reached skill level 11 in Maces & Flails
  4712 | D:7      | Reached skill level 5 in Dodging
  4716 | D:7      | Slain by a wight

Illustrated notes

Levels and vault maps discovered:
D:1:      doesnt_arrival_eight_statues, layout_basic,
          chequers_ecumenical_altar_simple, minmay_split_cup_large
D:2:      layout_basic, minmay_tetromino_l4, uniq_terence
D:3:      layout_loops_ring, serial_shops, shop_coins, uniq_natasha,
          uniq_crazy_yiuf_cottage, uniq_grinder
D:4:      layout_loops_ring, nicolae_the_louvre, uniq_blork_the_orc
D:5:      layout_rooms, serial_co_window_serial, co_window_of_opportunity_a,
          co_window_of_opportunity_a, co_window_paths_a, co_window_cross_1,
          co_window_paths_a, co_window_paths_c, co_window_broadway_a,
          co_window_cross_2, co_window_sun, minmay_misc_feat_pillars
D:6:      layout_rooms, temple_hall, uniq_sigmund
D:7:      layout_basic

Skill      XL: |  1  2  3  4  5  6  7  8  9 |
---------------+----------------------------+-----
Fighting       | 4 5 6 7 |  7.3
Maces & Flails | 4 5 6 7 8 10 11 | 11.4
Armour         | 3 4 5 7 |  7.6
Dodging        | 3 4 5 |  5.0

Action                     |  1- 3 |  4- 6 |  7- 9 || total
---------------------------+-------+-------+-------++-------
  Melee: Mace              |    14 |       |       ||    14
         Headbutt          |     8 |    20 |    22 ||    50
         Punch             |     3 |       |     1 ||     4
         Flail             |    44 |    91 |   168 ||   303
 Invoke: Berserk           |       |     1 |     2 ||     3
    Use: Potion            |       |       |     1 ||     1
 Armour: Ring mail         |    42 |    14 |       ||    56
         Plate armour      |       |    58 |   128 ||   186
         Skin              |       |       |     2 ||     2
  Dodge: Dodged            |    31 |    35 |    48 ||   114
